Map: Proxima Station LE

Players

Snute - Winner!

  • Race: Zerg Zerg
  • Spawn Location: 7:00

TIME (Oliveira)

  • Race: Terran Terran
  • Spawn Location: 1:00

Event: WCS Austin 2017

VOD

Have the link to the VOD?

Description

Time

  • Played on: April 28, 2017, 10:25 p.m.
  • Length: 27:11

All games in this series

Show
View Real Time Build Order
Export as new Build Order

Snute Zerg - Winner!

Build Orders: Hatch First 

Get SALT Encoding   

  12  0:00  Drone  
  13  0:12  Overlord  
  13  0:16  Drone  
  14  0:30  Drone x2  
  14  0:34  Drone  
  17  0:54  Hatchery  
  17  0:55  Drone  
  17  0:57  Drone  
  17  1:00  Extractor  
  17  1:13  Spawning Pool  
  17  1:15  Drone  
  17  1:19  Drone  
  18  1:27  Drone  
  19  1:38  Overlord  
  19  1:49  Drone  
  20  1:59  Queen  
  20  2:00  Metabolic Boost  
  22  2:05  Queen  
  22  2:06  Zergling x2  
  22  2:08  Zergling x2  
  26  2:11  Zergling x2  
  27  2:17  Drone  
  27  2:22  Drone  
  29  2:27  Drone  
  30  2:32  Drone  
  31  2:39  Overlord  
  31  2:46  Drone  
  31  2:47  Hatchery  
  31  2:49  Drone  
  32  2:54  Queen  
  32  2:58  Drone  
  35  3:02  Drone  
  35  3:04  Drone  
  37  3:07  Drone x2  
  37  3:08  Drone  
  37  3:12  Overlord  
  40  3:14  Drone  
  40  3:16  Drone  
  40  3:19  Drone  
  43  3:20  Drone  
  43  3:26  Overlord  
  44  3:31  Queen  
  46  3:36  Zergling x4  
  46  3:40  Zergling x2  
  49  3:43  Overlord  
  49  3:44  Drone x2  
  49  3:45  Drone  
  49  3:46  Drone  
  49  3:48  Drone  
  54  3:52  Queen  
  54  3:54  Drone  
  57  3:57  Drone  
  57  4:00  Drone  
  57  4:02  Queen  
  59  4:04  Drone  
  59  4:07  Overlord  
  62  4:12  Overlord  
  62  4:13  Drone  
  62  4:15  Drone  
  62  4:16  Drone  
  65  4:18  Drone  
  65  4:21  Overlord  
  66  4:26  Drone  
  66  4:27  Drone x3  
  66  4:28  Drone  
  71  4:31  Drone  
  71  4:33  Queen  
  71  4:38  Queen  
  74  4:42  Drone  
  74  4:43  Drone x4  
  81  4:48  Drone  
  81  4:49  Drone  
  81  4:55  Evolution Chamber  
  81  4:56  Evolution Chamber  
  81  4:57  Zergling x4, Spore Crawler  
  81  4:59  Zergling x2  
  81  5:02  Roach Warren  
  81  5:04  Queen  
  83  5:07  Zergling x6, Extractor x2  
  83  5:10  Drone x2  
  86  5:14  Drone x2  
  86  5:15  Drone  
  88  5:22  Zerg Missile Weapons Level 1, Zerg Ground Armor Level 1  
  88  5:24  Drone  
  88  5:25  Extractor  
  88  5:26  Drone, Extractor  
  88  5:28  Overlord  
  87  5:31  Spine Crawler  
  86  5:35  Overlord  
  86  5:36  Overlord  
  86  5:41  Overlord  
  87  5:43  Roach  
  87  5:45  Overlord  
  87  5:47  Roach x4  
  97  5:54  Overlord  
  97  5:55  Roach x2  
  97  5:56  Roach  
  97  5:57  Roach x2  
  107  6:01  Roach  
  108  6:06  Lair  
  108  6:08  Extractor  
  108  6:09  Extractor  
  106  6:12  Roach  
  106  6:13  Roach x2  
  106  6:14  Drone x5  
  106  6:18  Overlord  
  117  6:21  Roach  
  117  6:23  Roach  
  121  6:29  Roach x4  
  121  6:30  Roach, Overlord  
  121  6:31  Overlord  
  121  6:32  Overlord  
  130  6:46  Hatchery  
  129  6:50  Roach x2  
  129  6:51  Roach x4  
  132  6:55  Drone x2  
  132  7:00  Drone  
  131  7:06  Glial Reconstitution  
  131  7:07  Drone x2  
  131  7:12  Drone x3  
  131  7:13  Drone  
  134  7:17  Zerg Missile Weapons Level 2  
  132  7:26  Zerg Ground Armor Level 2  
  132  7:27  Drone x3  
  130  7:30  Drone x2  
  130  7:32  Drone  
  130  7:34  Drone  
  130  7:35  Drone  
  136  7:44  Drone x2  
  136  7:46  Infestation Pit  
  136  7:47  Drone x3  
  139  7:53  Overlord  
  139  7:54  Roach x4  
  139  7:56  Ravager x3  
  150  8:06  Roach x6  
  160  8:13  Roach x3  
  150  8:22  Roach x4  
  151  8:29  Drone x6  
  157  8:39  Drone  
  157  8:40  Drone x7  
  155  8:42  Drone  
  155  8:45  Drone  
  156  8:52  Drone  
  157  8:57  Drone x7  
  157  8:58  Drone  
  165  9:04  Roach x2  
  165  9:05  Roach  
  165  9:07  Pathogen Glands  
  171  9:12  Spore Crawler  
  171  9:14  Ravager x2, Spore Crawler  
  171  9:15  Ravager  
  172  9:20  Extractor x2  
  172  9:22  Overlord x2  
  172  9:23  Overlord x2  
  170  9:26  Burrow  
  170  9:27  Hive  
  170  9:33  Infestor  
  170  9:34  Spore Crawler  
  170  9:36  Ravager  
  172  9:41  Ravager  
  173  9:53  Spire  
  173  9:59  Ravager  
  173  10:00  Infestor  
  175  10:11  Hatchery  
  174  10:16  Infestor x2  
  174  10:19  Zergling x40  
  174  10:20  Zergling x4  
  198  10:42  Zerg Missile Weapons Level 3, Zerg Ground Armor Level 3  
  197  10:58  Spore Crawler  
  197  10:59  Drone x2, Spore Crawler  
  197  11:01  Spore Crawler x2  
  197  11:02  Ravager x3  
  198  11:11  Greater Spire  
  180  11:19  Ravager  
  180  11:20  Ravager x3  
  175  11:25  Infestor  
  175  11:26  Infestor  
  176  11:34  Corruptor x2  
  166  11:57  Corruptor  
  166  11:58  Corruptor x2  
  128  12:22  Hatchery  
  126  12:23  Roach x2  
  126  12:24  Queen x3, Brood Lord x2  
  126  12:29  Roach x3, Brood Lord x2  
  148  12:34  Roach x3  
  148  12:36  Roach  
  148  12:37  Roach  
  158  12:38  Zergling x18  
  158  12:39  Roach  
  158  12:40  Roach  
  173  12:44  Roach x2  
  157  13:00  Queen x2, Roach  
  157  13:01  Roach x9  
  168  13:08  Roach  
  168  13:10  Queen, Roach  
  137  13:15  Roach x4  
  133  13:23  Roach x3  
  136  13:30  Ravager x2  
  136  13:31  Extractor  
  136  13:32  Drone x2  
  136  13:33  Drone  
  140  13:35  Ravager, Queen  
  140  13:36  Ravager, Queen  
  142  13:41  Drone  
  142  13:42  Drone x2  
  142  13:46  Queen  
  142  13:47  Drone x2  
  149  13:58  Drone x3  
  149  14:02  Ravager x2  
  154  14:07  Extractor  
  154  14:09  Zerg Melee Weapons Level 1  
  153  14:10  Extractor  
  153  14:11  Queen x2  
  153  14:13  Drone  
  157  14:20  Brood Lord  
  157  14:21  Zerg Flyer Armor Level 1  
  157  14:22  Queen  
  161  14:28  Ravager x2  
  161  14:29  Roach x3  
  169  14:36  Spore Crawler  
  169  14:37  Roach x3  
  172  14:53  Roach  
  172  14:54  Roach x4  
  180  15:02  Infestor x2  
  180  15:03  Ravager  
  180  15:04  Ravager  
  186  15:23  Ravager x3  
  186  15:24  Ravager  
  190  15:32  Hatchery  
  174  15:46  Corruptor  
  174  15:47  Corruptor x4  
  182  15:51  Corruptor x2  
  182  15:56  Drone x3  
  189  16:04  Corruptor  
  189  16:05  Corruptor  
  192  16:14  Spore Crawler  
  192  16:17  Queen x2  
  193  16:24  Queen x2  
  197  16:27  Brood Lord  
  196  16:38  Brood Lord  
  200  16:49  Roach x2  
  200  16:50  Spore Crawler x2  
  194  17:05  Brood Lord  
  194  17:06  Ravager x2  
  194  17:08  Viper  
  196  17:13  Spore Crawler  
  196  17:14  Spore Crawler x3  
  183  17:35  Brood Lord x2  
  169  17:40  Viper x2  
  169  17:42  Roach x3  
  169  17:43  Roach x4  
  178  17:51  Hatchery  
  174  18:02  Corruptor x3  
  178  18:08  Infestor  
  162  18:32  Queen x2  
  162  18:39  Hatchery  
  162  18:40  Infestor x2  
  164  18:42  Ravager x2  
  166  18:51  Drone x2  
  168  19:07  Drone x3  
  171  19:15  Drone x2  
  173  19:27  Ravager  
  173  19:28  Ravager x2  
  176  19:37  Brood Lord  
  178  19:43  Brood Lord  
  180  19:48  Brood Lord  
  182  20:10  Hatchery  
  182  20:11  Overseer, Pneumatized Carapace  
  181  20:14  Viper  
  181  20:17  Spore Crawler  
  181  20:18  Spore Crawler  
  182  20:41  Drone x2  
  182  20:42  Drone, Extractor x2  
  183  20:51  Queen x2  
  183  20:56  Spore Crawler  
  186  20:57  Viper  
  189  21:08  Spore Crawler  
  189  21:10  Spore Crawler  
  187  21:12  Spore Crawler  
  186  21:28  Spore Crawler  
  185  21:33  Corruptor x3  
  191  21:41  Drone x4, Extractor  
  191  21:43  Extractor  
  190  21:59  Drone  
  190  22:00  Drone  
  192  22:18  Infestor x2  
  194  22:26  Spore Crawler  
  194  22:28  Brood Lord  
  194  22:29  Queen x2, Spine Crawler  
  198  22:34  Drone x2  
  200  22:45  Spore Crawler  
  200  22:46  Brood Lord, Spore Crawler  
  200  22:47  Hatchery  
  199  22:56  Spore Crawler  
  199  22:58  Spore Crawler  
  183  23:15  Brood Lord  
  181  23:25  Infestor x3  
  187  23:33  Evolution Chamber  
  186  23:34  Evolution Chamber  
  186  23:37  Evolution Chamber  
  186  23:39  Drone x4  
  186  23:40  Viper  
  179  23:47  Viper  
  179  23:54  Queen  
  181  23:58  Viper  
  181  24:00  Drone x2  
  186  24:14  Drone  
  181  24:36  Viper x2  
  187  24:43  Corruptor x3  
  193  24:52  Spore Crawler  
  191  25:04  Viper  
  189  25:34  Corruptor  
  189  25:35  Corruptor  
  197  25:42  Spore Crawler x2  
  189  25:43  Spore Crawler x3  
  189  25:45  Spore Crawler x3  
  189  25:50  Brood Lord x2  
  189  25:51  Brood Lord  
  189  25:53  Drone  
  189  25:54  Drone x10  
  200  26:06  Extractor  
  200  26:10  Extractor  
  198  26:28  Corruptor  
  198  26:29  Corruptor  
Show
View Real Time Build Order
Export as new Build Order

TIME Terran 

Build Orders: Command Center First (CC), MMM Bio 

Get SALT Encoding   

  12  0:00  SCV  
  13  0:13  SCV  
  14  0:18  Supply Depot  
  14  0:25  SCV  
  15  0:39  SCV  
  16  0:51  SCV  
  17  1:00  Command Center  
  17  1:03  SCV  
  18  1:15  Barracks  
  18  1:17  SCV  
  19  1:22  Refinery  
  19  1:29  SCV  
  19  1:31  Refinery  
  20  1:41  SCV  
  21  1:54  SCV  
  22  2:02  Marine  
  22  2:06  Orbital Command  
  23  2:09  Factory  
  23  2:16  Orbital Command  
  23  2:20  Barracks Reactor  
  23  2:31  Supply Depot  
  23  2:33  SCV  
  24  2:41  SCV  
  25  2:45  SCV  
  26  2:53  SCV  
  26  2:55  Starport  
  27  2:58  SCV  
  27  3:00  Hellion  
  27  3:01  Hellion  
  27  3:05  Barracks Tech Lab  
  32  3:06  SCV  
  32  3:11  SCV  
  34  3:18  SCV  
  35  3:22  Hellion  
  35  3:23  Hellion, SCV  
  35  3:24  Supply Depot  
  35  3:27  Stimpack  
  40  3:31  Viking  
  42  3:34  Marine  
  42  3:37  SCV x2  
  45  3:47  Barracks  
  45  3:49  SCV  
  45  3:52  Factory Reactor, Barracks  
  45  3:55  SCV  
  47  3:57  Marine  
  47  4:01  SCV  
  49  4:04  Starport Reactor  
  49  4:07  SCV  
  50  4:11  Engineering Bay x2  
  50  4:13  SCV  
  50  4:14  Marine  
  52  4:19  SCV  
  52  4:22  Supply Depot  
  53  4:25  SCV  
  53  4:28  Supply Depot  
  54  4:43  Medivac x2, Marine x3, SCV x2  
  61  4:51  Factory Tech Lab, Marine x2  
  63  4:54  Terran Infantry Armor Level 1, Terran Infantry Weapons Level 1  
  63  4:56  Supply Depot  
  63  5:01  Marine x2  
  63  5:02  Marine  
  68  5:09  Marine x2  
  68  5:10  Command Center  
  68  5:12  SCV x2  
  68  5:19  Marine x2  
  70  5:22  Marine  
  70  5:25  SCV  
  70  5:27  Supply Depot, Combat Shields  
  70  5:28  Refinery, Marine  
  73  5:29  Refinery  
  73  5:35  SCV  
  74  5:37  SCV  
  74  5:39  Medivac  
  74  5:41  Marine  
  78  5:49  Medivac, Marine x3  
  84  5:50  Marine  
  84  5:55  Barracks  
  84  5:57  Barracks  
  84  5:59  Marine  
  84  6:03  SCV  
  86  6:11  Supply Depot  
  86  6:21  Medivac, Marine x5  
  86  6:22  SCV  
  86  6:24  SCV  
  95  6:27  Orbital Command  
  95  6:32  Siege Tank  
  98  6:34  SCV  
  98  6:38  Armory  
  98  6:39  Marine x5  
  101  6:49  Barracks Reactor x2  
  101  6:52  SCV  
  101  6:53  SCV x2  
  102  6:55  Supply Depot  
  102  6:56  Supply Depot  
  102  6:57  Marine x2  
  102  6:59  Marine  
  104  7:03  Marine  
  104  7:04  Marine  
  105  7:08  Siege Tank  
  105  7:13  Medivac  
  109  7:17  Marine x2, SCV x2  
  109  7:18  Supply Depot  
  109  7:19  Supply Depot  
  109  7:20  Marine  
  109  7:21  Marine  
  108  7:28  Terran Infantry Weapons Level 2, Terran Infantry Armor Level 2  
  108  7:29  Marine x3  
  111  7:30  Marine x2  
  111  7:31  Medivac  
  111  7:33  SCV  
  111  7:34  SCV x2  
  118  7:39  Marine x2  
  118  7:40  Terran Vehicle Weapons Level 1  
  118  7:43  Supply Depot, Marine  
  121  7:48  Marine  
  121  7:50  Marine  
  123  7:51  Marine  
  123  7:55  Medivac, Barracks  
  123  7:56  Barracks  
  126  8:00  Marine x2, Siege Tank  
  126  8:02  Marine  
  132  8:13  Marine  
  132  8:14  Marine  
  132  8:16  Marine  
  132  8:17  Marine x2  
  134  8:21  Marine  
  125  8:27  Marine  
  125  8:28  Marine  
  125  8:29  Marine  
  125  8:31  Marine  
  125  8:32  Marine  
  121  8:34  Marine  
  121  8:35  Medivac x2, Marine x2  
  121  8:38  Marine  
  122  8:43  Barracks Tech Lab x2  
  122  8:45  Marine  
  122  8:46  Marine  
  122  8:47  Marine  
  117  8:49  Command Center, Marine  
  117  8:50  Supply Depot  
  117  8:52  Marine  
  117  8:54  Marine x3  
  117  8:55  Siege Tank  
  125  8:57  Marine  
  124  9:02  Marine  
  124  9:04  Marine, SCV x3  
  124  9:06  Marauder x2, Concussive Shells  
  124  9:07  Marine x2  
  124  9:09  Supply Depot  
  135  9:10  Factory  
  135  9:12  Refinery, Medivac x2, Marine x2  
  135  9:15  Marine  
  142  9:17  Refinery, Marine  
  142  9:18  Marine  
  142  9:20  Marine  
  142  9:21  Marine  
  142  9:23  Supply Depot  
  146  9:25  SCV x2  
  146  9:31  Marauder x3  
  154  9:33  Marine x2  
  154  9:34  SCV  
  154  9:37  SCV  
  158  9:41  Marine x6  
  158  9:44  Siege Tank  
  167  9:48  Medivac  
  167  9:51  Medivac, Marine x2  
  172  9:54  Supply Depot  
  172  9:55  Supply Depot  
  172  9:57  Factory Tech Lab  
  172  9:59  Marine  
  172  10:00  Marine  
  172  10:01  Marauder x2  
  178  10:08  Marauder, Marine  
  178  10:09  Liberator x2  
  181  10:18  Marine x2  
  181  10:19  Marine x4  
  181  10:20  Siege Tank  
  190  10:22  Marauder x2  
  199  10:38  Terran Infantry Weapons Level 3, Marine  
  199  10:39  Marine  
  197  10:50  Marine  
  197  10:54  Marine  
  199  10:58  Marine  
  199  10:59  Planetary Fortress  
  200  11:05  Terran Infantry Armor Level 3  
  200  11:09  Marine  
  200  11:10  Marine x2  
  193  11:14  Marauder, Marine x3  
  193  11:15  Marine  
  193  11:16  Marine  
  196  11:19  Marine x2  
  195  11:27  Marine x2  
  195  11:28  Marine  
  195  11:29  Siege Tank  
  195  11:32  Siege Tank, Marine x2  
  200  11:36  Marauder  
  200  11:37  Marauder  
  200  11:44  Liberator, Terran Vehicle Weapons Level 2  
  200  11:46  Starport  
  193  11:51  Marine  
  193  11:52  Marauder, Marine x3  
  193  11:54  Marine  
  194  11:56  Marine  
  194  11:57  Marauder  
  194  11:58  Marauder  
  195  12:06  Liberator, Marine  
  195  12:07  Marine  
  180  12:09  Marine  
  180  12:10  Siege Tank  
  180  12:13  Marauder  
  183  12:16  Refinery x2, Marine  
  183  12:18  Marauder  
  183  12:19  Marine  
  183  12:20  Marauder  
  181  12:25  Marine, Siege Tank  
  188  12:30  Marine  
  188  12:31  Marine  
  188  12:34  Starport Reactor  
  188  12:35  Marauder  
  192  12:37  Marine  
  192  12:40  Marauder  
  195  12:45  Marine  
  191  12:56  Liberator x2  
  184  12:59  Marauder, Marine x2  
  172  13:06  Medivac  
  172  13:07  Medivac  
  172  13:11  Marine  
  172  13:12  Marauder  
  156  13:14  Marauder, Marine  
  156  13:16  Marine  
  156  13:17  Marine x2  
  156  13:19  Marine  
  148  13:21  Marauder  
  148  13:22  Marine  
  143  13:32  Marine x2  
  143  13:33  Marine  
  138  13:41  Marine  
  131  13:42  Marine  
  131  13:43  Marine  
  131  13:46  Viking x2  
  127  13:49  Marine x2  
  127  13:50  Thor, Marauder x3  
  127  13:52  Thor  
  147  13:57  Orbital Command  
  147  14:03  Marine  
  147  14:04  Marine  
  147  14:06  Medivac x2  
  147  14:08  Marine  
  154  14:13  Marine  
  155  14:18  Viking  
  155  14:19  Viking, Liberator, Marine x4  
  155  14:20  Marauder  
  165  14:31  Marine  
  165  14:35  Thor, Marine  
  173  14:47  Viking  
  173  14:51  Viking x2  
  176  14:53  Marine x3  
  176  15:06  Refinery x2  
  175  15:10  Marauder, Marine x4  
  175  15:11  Marine  
  182  15:17  Viking  
  182  15:19  Viking  
  182  15:20  Terran Ship Weapons Level 1  
  182  15:21  Viking  
  186  15:31  Medivac  
  173  15:41  Marine  
  170  15:43  Marauder, Marine  
  170  15:44  Marine  
  170  15:47  Medivac  
  170  15:48  Marine x4  
  170  15:49  Siege Tank  
  168  15:57  Viking x2  
  168  15:58  Marauder, Marine  
  168  15:59  Command Center  
  168  16:04  Marine  
  176  16:14  Marine x2  
  176  16:15  Marauder, Marine x2  
  177  16:20  Marauder  
  177  16:22  Viking x2, Marine  
  177  16:23  Liberator x2, Marine  
  177  16:24  Marine  
  179  16:28  Thor  
  183  16:35  Marine x2  
  182  16:41  Marine x2  
  190  16:50  Liberator  
  181  17:04  Marine  
  181  17:05  Marauder  
  181  17:06  Liberator  
  181  17:07  Viking  
  181  17:08  Marauder x2, Marine x2  
  191  17:28  Marine  
  191  17:29  Viking, Marauder  
  172  17:30  Marine  
  172  17:33  Marine x2  
  172  17:34  Marauder, Marine x4  
  172  17:35  Liberator  
  176  17:37  Viking  
  176  17:44  Marine  
  166  17:48  Marine  
  166  17:49  Liberator  
  166  17:50  Liberator  
  159  17:53  Marine x6  
  159  17:54  Marauder  
  168  17:59  Marine  
  169  18:11  Medivac  
  174  18:28  Marine x2  
  174  18:29  Marine x4  
  174  18:30  Marine  
  168  18:39  Marauder x3  
  172  18:42  Marine  
  172  18:47  Marine  
  174  18:53  Ghost Academy  
  172  19:01  Viking x2  
  176  19:02  Starport Reactor  
  176  19:09  Marine x6  
  181  19:12  Planetary Fortress  
  179  19:19  Liberator x2  
  179  19:30  Ghost x2  
  179  19:31  Ghost  
  190  19:38  Liberator x2  
  193  20:00  Refinery  
  193  20:01  Refinery  
  193  20:02  Ghost x3  
  199  20:16  Liberator x2  
  199  20:21  Missile Turret  
  199  20:22  Missile Turret x2  
  199  20:25  Missile Turret  
  199  20:26  Missile Turret  
  196  20:30  Ghost  
  196  20:34  Ghost  
  197  20:37  Liberator  
  196  20:46  Missile Turret  
  199  20:58  Missile Turret x2  
  199  20:59  Missile Turret  
  194  21:11  Ghost x2  
  194  21:12  Ghost  
  194  21:16  Personal Cloaking  
  195  21:25  Sensor Tower  
  189  21:37  Liberator x2  
  189  21:38  Missile Turret  
  189  21:40  Liberator x2  
  189  21:46  Ghost x3  
  187  22:14  Ghost  
  170  22:22  Ghost Academy  
  168  22:25  Ghost x2, Ghost Academy  
  168  22:27  Siege Tank x2  
  168  22:28  Liberator x3  
  176  22:30  Marine  
  177  22:39  Command Center  
  177  22:43  Ghost  
  182  23:10  Ghost x2  
  182  23:12  Orbital Command  
  168  23:16  Ghost  
  160  23:20  Viking  
  160  23:25  Nuke x2  
  158  23:52  Ghost  
  158  23:55  Ghost  
  150  24:00  Ghost  
  154  24:10  Viking x4  
  162  24:26  Ghost x2  
  164  24:33  Ghost  
  162  24:54  Ghost  
  159  25:02  Ghost x2  
  159  25:04  Nuke  
  157  25:24  Ghost  
  157  25:27  Viking x2  
  157  25:28  Viking  
  159  25:31  Ghost  
  155  25:37  Ghost  
  157  25:52  Ghost Academy, Nuke  
  153  26:04  Ghost x2  
  157  26:15  Ghost  
  146  26:28  Viking x3  
  152  26:39  Viking  
Tags
 
Add a new tag
Caveats
  • Supply blocks, unpowered buildings, or Contaminate may cause inaccurate times.
  • Supply counts are checked every 10 seconds.